 Dungeon Crawl Stone Soup version 0.30-a0-672-gc3a7216ad8 (webtiles) character file.

Game seed: 14060015551874198408

51 Crownlay the Firebug (level 3, -1/24 HPs)
             Began as a Demonspawn Fire Elementalist on Jan 18, 2023.
             Slain by a jackal (2 damage)
             ... on level 2 of the Dungeon.
             The game lasted 00:02:57 (1617 turns).

Crownlay the Firebug (Demonspawn Fire Elementalist) Turns: 1617, Time: 00:02:57

Health: -1/24      AC:  2    Str:  6 (8)  XL:     3   Next: 58%
Magic:  0/6        EV: 12    Int: 16 (18) God:
Gold:   89         SH:  0    Dex: 12 (13) Spells: 5/6 levels left

rFire   . . .      SeeInvis .    d - +0 dagger
rCold   . . .      Faith    .    (no shield)
rNeg    . . .      Spirit   .    a - +0 robe
rPois   .          Reflect  .    (no helmet)
rElec   .          Harm     .    (no cloak)
rCorr   .          Rampage  .    (no gloves)
Will    .....                    (no boots)
Stlth   ++                       (no amulet)
HPRegen 0.24/turn                (no ring)
MPRegen 0.10/turn                (no ring)

@: flying
A: powered by death 1
a: no special abilities


You were on level 2 of the Dungeon.
You visited 1 branch of the dungeon, and saw 2 of its levels.

You collected 89 gold pieces.

Inventory:

Hand Weapons
 d - a +0 dagger (weapon)
Missiles
 c - 6 javelins
Armour
 a - a +0 robe (worn)
Jewellery
 k - a ring of protection from fire
Scrolls
 f - a scroll of enchant armour {unknown}
 g - 2 scrolls of fear {unknown}
 h - a scroll of silence {unknown}
 j - 2 scrolls of teleportation {unknown}
Potions
 b - 2 potions of magic


   Skills:
 - Level 1.7 Dodging
 - Level 1.7 Stealth
 - Level 2.0 Spellcasting
 - Level 1.0 Conjurations
 + Level 4.2 Fire Magic


You had 5 spell levels left.
You knew the following spells:

 Your Spells              Type           Power      Damage    Failure   Level
a - Foxfire               Conj/Fire      40%        2x1d6     7%          1

Your spell library contained the following spells:

 Spells                   Type           Power      Damage    Failure   Level
 Scorch                   Fire           30%        2d7       5%          2
 Inner Flame              Hex/Fire       8%         N/A       26%         3
 Cigotuvi's Dreadful Rot  Necr/Pois/Air  2%         N/A       30%         2
 Poisonous Vapours        Pois/Air       2%         N/A       30%         2
 Kindle Blastsparks       Fire/Tloc/Air  12%        2d11      34%         3
 Mephitic Cloud           Conj/Pois/Air  2%         N/A       47%         3
 Flame Wave               Conj/Fire      10%        2d6       56%         4


Dungeon Overview and Level Annotations

Branches:
Dungeon (2/15)

Altars:

Shops:
D:2 [


Innate Abilities, Weirdness & Mutations

You regenerate a little health from kills.


Message History

You feel weakened.
You feel dopey.
You feel clumsy.
You feel sick.
It was a potion of flight.
You feel very buoyant.
You fly up into the air.
You feel sick.
You are no longer poisoned.
The jackal closely misses you. The jackal barely misses you.
The jackal attacks as you move away! The jackal barely misses you.
The jackal bites you.
* * * LOW HITPOINT WARNING * * *
The jackal attacks as you move away!
The jackal bites you but does no damage.
The jackal attacks as you move away! The jackal closely misses you.
The jackal bites you but does no damage.
The jackal closely misses you.
Casting: Foxfire (safe; 7% risk of failure)
Confirm with . or Enter, or press ? or * to list all spells.
You conjure some foxfire!
The jackal bites you.
* * * LOW HITPOINT WARNING * * *
The jackal bites you but does no damage.
Your foxfire dissipates!
The foxfire hits the jackal but does no damage.
The jackal is moderately wounded.
Casting: Foxfire (safe; 7% risk of failure)
Confirm with . or Enter, or press ? or * to list all spells.
You don't have enough magic to cast this spell.
The jackal attacks as you move away! The jackal closely misses you.
The jackal closely misses you. The jackal attacks as you move away!
The jackal bites you but does no damage.
The jackal misses you.
Casting: Foxfire (safe; 7% risk of failure)
Confirm with . or Enter, or press ? or * to list all spells.
You conjure some foxfire!
The jackal bites you.
* * * LOW HITPOINT WARNING * * *
Your foxfire dissipates!
The foxfire hits the jackal but does no damage.
The jackal is moderately wounded.
The jackal attacks as you move away! The jackal bites you.
You die...

#.# #.# #.#.# #.# #.# #.#
###)#.####.# #.#
#.####..........#
#.###...............#
#....S###..###.###.##
#########h# #..# #.# #.#
#.....# #.# #..###.###.####
#.....###h###.#............
#........ยง@....######..####
#.....###.###..............
#.....# #.# #.##...##.#####
###.### #.# #.........###
#...# #.######........#
###.# #.........##.##.# #.#
#########.##.##.### #.#
#............... #.#
#.####.##.##.###


You could see 2 jackals and a ball python.

Vanquished Creatures
  An adder (D:2)
  3 dart slugs
  8 endoplasms
  2 giant cockroaches (D:2)
  2 hobgoblins (D:1)
  A jackal (D:2)
  2 quokkas (D:2)
  5 bats
  3 frilled lizards
  5 kobolds
  3 rats
35 creatures vanquished.

Vanquished Creatures (others)
  109 foxfires
109 creatures vanquished.

Grand Total: 144 creatures vanquished

Notes
Turn   | Place    | Note
-------+----------+-------------------------------------------
     0 | D:1      | Crownlay the Demonspawn Fire Elementalist began the quest
                  | for the Orb.
     0 | D:1      | Reached XP level 1. HP: 13/13 MP: 3/3
    46 | D:1      | Reached skill level 3 in Fire Magic
   302 | D:1      | Gained mutation: You regenerate a little health from kills.
                  | [demonic ancestry]
   302 | D:1      | Reached XP level 2. HP: 19/19 MP: 0/5
  1167 | D:2      | Found Jerem's Antique Armour Shoppe.
  1262 | D:2      | Reached XP level 3. HP: 19/24 MP: 1/6
  1507 | D:2      | Reached skill level 4 in Fire Magic
  1615 | D:2      | HP: 1/24 [jackal (3)]
  1617 | D:2      | Slain by a jackal

Illustrated notes

Levels and vault maps discovered:
D:1:      lemuel_arrival_funnel, layout_loops_cross
D:2:      layout_loops_ring, serial_shops, nicolae_shop_overgrown_old_shop,
          minmay_tree_intersection, uniq_robin

Skill      XL: |  1  2  3 |
---------------+----------+-----
Fire Magic     | 3 4 |  4.2
Dodging        | |  1.7
Stealth        | |  1.7
Spellcasting   | |  2.0
Conjurations   | |  1.0

Action                   || total
-------------------------++-------
Melee: Dagger            ||    36
       Unarmed           ||     1
Throw: Javelin           ||     2
 Cast: Foxfire           ||    71
  Use: Potion            ||     2
 Stab: Sleeping          ||     3
       Distracted        ||     1
Armor: Robe              ||    21
Dodge: Dodged            ||    59

Table legend: (Time is in decaauts)
 A = Elapsed time spent in this place.
 B = Non-inter-level travel time spent in this place.
 C = Inter-level travel time spent in this place.
 D = Time resting spent in this place.
 E = Time spent auto-exploring this place.
 F = Levels seen in this place.
 G = Mean time per level.
                   A        B        C        D        E       F      G
               +--------+--------+--------+--------+--------+-----+--------+
         Total |   1617 |   1613 |      4 |      0 |   1374 |   2 |  808.5 |
       Dungeon |   1617 |   1613 |      4 |      0 |   1374 |   2 |  808.5 |
               +--------+--------+--------+--------+--------+-----+--------+

Top non-repeatable levels by time:
     D:1: 1164 daAuts
     D:2: 452 daAuts
